[ PARTIDA AOE2 · #484726878 ]
UnrankedHunos vs Incas
[ ANÁLISIS DE REPETICIÓN · EXTRAÍDO DE LA PARTIDA GRABADA ]
Feudal
13:16
Castillos
31:32
Imperial
—
| APM promedio | 19.7 |
| APM pico | 89 |
| eAPM promedio | 7.4 |
| Aldeanos / militares | 68 / 145 |
Foco
⚔️ 30.7% · 🌾 69.3%
Cavalry Archer ×77 · Knight ×61 · Scout Cavalry ×5 · Militia ×1 · Spearman ×1
Feudal
12:56
Castillos
20:11
Imperial
41:49
| APM promedio | 19.4 |
| APM pico | 51 |
| eAPM promedio | 13.0 |
| Aldeanos / militares | 111 / 89 |
Foco
⚔️ 32.3% · 🌾 67.7%
Kamayuk ×75 · Battering Ram ×12 · Trade Cart ×7 · Trebuchet (Packed) ×2
Feudal
13:15
Castillos
27:40
Imperial
34:41
| APM promedio | 25.6 |
| APM pico | 54 |
| eAPM promedio | 17.3 |
| Aldeanos / militares | 105 / 117 |
Foco
⚔️ 31.1% · 🌾 68.9%
Berserk ×87 · Scout Cavalry ×18 · Trebuchet (Packed) ×8 · Mangonel ×2 · Battering Ram ×2
Feudal
14:09
Castillos
31:08
Imperial
42:10
| APM promedio | 17.5 |
| APM pico | 51 |
| eAPM promedio | 10.8 |
| Aldeanos / militares | 64 / 102 |
Foco
⚔️ 37.9% · 🌾 62.1%
Plumed Archer ×50 · Skirmisher ×46 · Fishing Ship ×10 · Trade Cart ×4 · Trebuchet (Packed) ×4 · Spearman ×1
Feudal
13:28
Castillos
19:00
Imperial
—
| APM promedio | 17.5 |
| APM pico | 39 |
| eAPM promedio | 14.4 |
| Aldeanos / militares | 137 / 74 |
Foco
⚔️ 21.1% · 🌾 78.9%
Knight ×74
Feudal
15:50
Castillos
23:32
Imperial
42:42
| APM promedio | 22.0 |
| APM pico | 51 |
| eAPM promedio | 14.9 |
| Aldeanos / militares | 150 / 180 |
Foco
⚔️ 24.0% · 🌾 76.0%
Militia ×132 · Spearman ×42 · Fishing Ship ×7 · Iron Pagoda ×2 · Trebuchet (Packed) ×2 · Monk ×1
Feudal
12:13
Castillos
20:59
Imperial
31:03
| APM promedio | 25.2 |
| APM pico | 55 |
| eAPM promedio | 15.9 |
| Aldeanos / militares | 113 / 111 |
Foco
⚔️ 25.7% · 🌾 74.3%
Camel Scout ×103 · Trade Cart ×20 · Fishing Ship ×6 · Spearman ×4 · Trebuchet (Packed) ×3 · Monk ×1
Feudal
14:49
Castillos
24:26
Imperial
37:25
| APM promedio | 17.7 |
| APM pico | 64 |
| eAPM promedio | 11.0 |
| Aldeanos / militares | 57 / 124 |
Foco
⚔️ 39.9% · 🌾 60.1%
Composite Bowman ×68 · Warrior Priest ×52 · Trebuchet (Packed) ×4
Mapa de la partida
Recursos iniciales + cada clic de construcción. Líneas = muros · curvas = relieve. ◆ oro · ⬟ piedra · ● bayas · ✦ reliquia · ◌ hueco del cierre
Tu base· ✓ Cerrada en 31:32 · 9t muro · 1 puerta(s)
Base de Heatace· Abierta — flanco sin cerrar
Base de dominikcore1· ✓ Cerrada en 27:40 · 37t muro · 2 puerta(s)
Base de Good Knight· ✓ Cerrada en 31:08 · 31t muro · 2 puerta(s)
Base de Exo· Abierta — flanco sin cerrar
Base de w4br9u364q6· ✓ Cerrada en 23:32 · 43t muro · 1 puerta(s)
Base de fjk· ✓ Cerrada en 20:59 · 23t muro · frágil
Base de Balardroch· Abierta — el rival se encerró
Terreno inicial suavizado · ◌ = hueco del cierre detectado · pasá el cursor para detalles
Inputs por minuto
— TUNAK TUNAK OLAF ROJO - - Heatace
Build order — TUNAK TUNAK OLAF ROJO
Primeras 150 de 182 acciones detectadas
| 0:21 | Crear | Villager (Male) |
| 0:21 | Crear | Villager (Male) |
| 0:21 | Crear | Villager (Male) |
| 0:22 | Crear | Villager (Male) |
| 2:18 | Crear | Villager (Male) |
| 2:18 | Crear | Villager (Male) |
| 2:18 | Crear | Villager (Male) |
| 3:10 | Crear | Villager (Male) |
| 3:55 | Crear | Villager (Male) |
| 3:55 | Crear | Villager (Male) |
| 5:05 | Crear | Villager (Male) |
| 5:05 | Crear | Villager (Male) |
| 6:10 | Construir | Mill |
| 6:15 | Crear | Villager (Male) |
| 6:15 | Crear | Villager (Male) |
| 7:11 | Crear | Villager (Male) |
| 7:12 | Crear | Villager (Male) |
| 8:29 | Construir | Lumber Camp |
| 8:48 | Construir | Barracks |
| 8:53 | Crear | Villager (Male) |
| 8:53 | Crear | Villager (Male) |
| 11:06 | Investigar | Feudal Age |
| 11:49 | Crear | Militia |
| 13:16 | Edad | Edad Feudal |
| 14:13 | Construir | Farm |
| 14:16 | Construir | Farm |
| 14:19 | Construir | Farm |
| 14:21 | Construir | Farm |
| 14:22 | Construir | Farm |
| 14:25 | Construir | Farm |
| 14:29 | Construir | Farm |
| 14:32 | Construir | Farm |
| 14:38 | Construir | Mining Camp |
| 14:41 | Crear | Villager (Male) |
| 14:41 | Crear | Villager (Male) |
| 14:42 | Crear | Villager (Male) |
| 14:42 | Crear | Villager (Male) |
| 15:14 | Construir | Stable |
| 15:26 | Construir | Farm |
| 15:29 | Construir | Farm |
| 15:35 | Investigar | Loom |
| 16:04 | Investigar | Double-Bit Axe |
| 16:10 | Crear | Villager (Male) |
| 16:10 | Crear | Villager (Male) |
| 16:10 | Crear | Villager (Male) |
| 17:01 | Construir | Mining Camp |
| 17:17 | Crear | Villager (Male) |
| 17:17 | Crear | Villager (Male) |
| 17:18 | Crear | Villager (Male) |
| 17:18 | Crear | Villager (Male) |
| 17:42 | Crear | Scout Cavalry |
| 17:42 | Crear | Scout Cavalry |
| 17:43 | Crear | Scout Cavalry |
| 18:11 | Crear | Villager (Male) |
| 18:11 | Crear | Villager (Male) |
| 18:20 | Crear | Spearman |
| 18:54 | Construir | Market |
| 19:32 | Investigar | Wheelbarrow |
| 19:34 | Crear | Villager (Male) |
| 19:34 | Crear | Villager (Male) |
| 20:16 | Construir | Blacksmith |
| 21:11 | Crear | Scout Cavalry |
| 21:11 | Crear | Scout Cavalry |
| 21:23 | Investigar | Horse Collar |
| 21:34 | Investigar | Forging |
| 23:02 | Crear | Villager (Male) |
| 23:02 | Crear | Villager (Male) |
| 23:03 | Crear | Villager (Male) |
| 23:03 | Crear | Villager (Male) |
| 23:03 | Crear | Villager (Male) |
| 23:44 | Construir | Stone Wall |
| 24:22 | Construir | Gate |
| 24:49 | Crear | Villager (Male) |
| 24:49 | Crear | Villager (Male) |
| 24:49 | Crear | Villager (Male) |
| 25:05 | Construir | Mining Camp |
| 25:21 | Construir | Stone Wall |
| 25:37 | Investigar | Gold Mining |
| 25:41 | Crear | Villager (Male) |
| 25:41 | Crear | Villager (Male) |
| 26:40 | Construir | Archery Range |
| 26:52 | Construir | Archery Range |
| 26:57 | Crear | Villager (Male) |
| 26:57 | Crear | Villager (Male) |
| 27:38 | Crear | Villager (Male) |
| 27:38 | Crear | Villager (Male) |
| 28:15 | Investigar | Castle Age |
| 28:27 | Construir | Archery Range |
| 28:28 | Construir | Archery Range |
| 28:29 | Construir | Archery Range |
| 28:56 | Construir | Gate |
| 29:30 | Construir | Stable |
| 29:31 | Construir | Stable |
| 29:32 | Construir | Stable |
| 30:15 | Investigar | Scale Barding Armor |
| 31:14 | Construir | Stone Wall |
| 31:25 | Construir | Farm |
| 31:26 | Construir | Farm |
| 31:28 | Construir | Farm |
| 31:32 | Edad | Edad de los Castillos |
| 31:35 | Construir | Town Center |
| 31:37 | Crear | Villager (Male) |
| 31:37 | Crear | Villager (Male) |
| 31:37 | Crear | Villager (Male) |
| 31:38 | Crear | Villager (Male) |
| 31:53 | Crear | Knight ×5 |
| 31:53 | Crear | Knight ×5 |
| 31:54 | Crear | Knight ×3 |
| 31:54 | Crear | Knight ×3 |
| 32:04 | Crear | Cavalry Archer ×5 |
| 32:04 | Crear | Cavalry Archer ×5 |
| 32:04 | Crear | Cavalry Archer ×5 |
| 32:05 | Crear | Cavalry Archer ×5 |
| 32:05 | Crear | Cavalry Archer ×5 |
| 32:05 | Crear | Cavalry Archer |
| 32:23 | Construir | Town Center |
| 32:40 | Construir | University |
| 32:46 | Crear | Villager (Male) |
| 32:46 | Crear | Villager (Male) |
| 32:46 | Crear | Villager (Male) |
| 33:57 | Investigar | Hand Cart |
| 34:42 | Crear | Villager (Male) |
| 34:43 | Crear | Villager (Male) |
| 34:43 | Crear | Villager (Male) |
| 34:43 | Crear | Villager (Male) |
| 34:45 | Crear | Villager (Male) |
| 37:15 | Crear | Villager (Male) |
| 37:15 | Crear | Villager (Male) |
| 37:16 | Crear | Villager (Male) |
| 37:16 | Crear | Villager (Male) |
| 38:18 | Investigar | Bow Saw |
| 38:26 | Construir | Lumber Camp |
| 39:56 | Construir | Castle |
| 40:07 | Construir | Stable |
| 40:07 | Construir | Stable |
| 40:08 | Construir | Stable |
| 40:09 | Construir | Stable |
| 40:24 | Crear | Knight ×5 |
| 40:24 | Crear | Knight ×5 |
| 40:24 | Crear | Knight ×5 |
| 40:24 | Crear | Knight ×5 |
| 40:41 | Crear | Cavalry Archer ×5 |
| 40:42 | Crear | Cavalry Archer ×5 |
| 40:42 | Crear | Cavalry Archer ×5 |
| 40:42 | Crear | Cavalry Archer ×5 |
| 40:43 | Crear | Cavalry Archer ×3 |
| 41:02 | Construir | Mining Camp |
| 41:13 | Investigar | Husbandry |
| 42:32 | Construir | Stone Wall |
| 42:48 | Construir | Archery Range |
Build order — Heatace
Primeras 150 de 320 acciones detectadas
| 0:03 | Crear | Villager (Male) |
| 0:03 | Crear | Villager (Male) |
| 0:06 | Construir | House |
| 0:08 | Construir | House |
| 0:13 | Investigar | Loom |
| 0:14 | Crear | Villager (Male) |
| 0:15 | Crear | Villager (Male) |
| 0:15 | Crear | Villager (Male) |
| 1:04 | Construir | Palisade Wall |
| 1:14 | Construir | Palisade Wall |
| 2:26 | Crear | Villager (Male) |
| 2:26 | Crear | Villager (Male) |
| 2:31 | Construir | Palisade Wall |
| 2:42 | Construir | Palisade Wall |
| 3:02 | Crear | Villager (Male) |
| 3:02 | Crear | Villager (Male) |
| 4:06 | Crear | Villager (Male) |
| 4:27 | Crear | Villager (Male) |
| 4:56 | Construir | Outpost |
| 5:37 | Construir | Settlement |
| 5:44 | Crear | Villager (Male) |
| 5:44 | Crear | Villager (Male) |
| 6:11 | Crear | Villager (Male) |
| 6:48 | Crear | Villager (Male) |
| 6:49 | Crear | Villager (Male) |
| 6:49 | Crear | Villager (Male) |
| 8:11 | Crear | Villager (Male) |
| 8:28 | Construir | Settlement |
| 9:00 | Crear | Villager (Male) |
| 9:58 | Construir | Settlement |
| 10:40 | Construir | Settlement |
| 10:43 | Crear | Villager (Male) |
| 10:46 | Investigar | Feudal Age |
| 11:32 | Crear | Villager (Male) |
| 11:33 | Crear | Villager (Male) |
| 12:18 | Crear | Villager (Male) |
| 12:56 | Edad | Edad Feudal |
| 13:06 | Construir | Settlement |
| 13:28 | Construir | Market |
| 13:38 | Crear | Villager (Male) |
| 13:49 | Crear | Villager (Male) |
| 14:41 | Crear | Villager (Male) |
| 14:45 | Construir | Blacksmith |
| 14:55 | Construir | Blacksmith |
| 15:03 | Crear | Villager (Male) |
| 15:21 | Crear | Villager (Male) |
| 15:22 | Crear | Villager (Male) |
| 15:52 | Crear | Villager (Male) |
| 16:44 | Crear | Villager (Male) |
| 17:14 | Construir | Farm |
| 17:15 | Construir | Farm |
| 17:15 | Construir | Farm |
| 17:16 | Construir | Farm |
| 17:19 | Investigar | Castle Age |
| 18:10 | Construir | Farm |
| 18:45 | Investigar | Double-Bit Axe |
| 18:50 | Investigar | Stone Mining |
| 18:53 | Investigar | Horse Collar |
| 19:58 | Construir | Barracks |
| 20:11 | Edad | Edad de los Castillos |
| 20:51 | Crear | Villager (Male) |
| 20:51 | Crear | Villager (Male) |
| 21:07 | Crear | Villager (Male) |
| 21:12 | Investigar | Squires |
| 21:19 | Construir | Farm |
| 21:20 | Construir | Farm |
| 21:20 | Construir | Farm |
| 21:25 | Construir | Farm |
| 21:26 | Construir | Farm |
| 21:26 | Construir | Farm |
| 21:47 | Construir | Castle |
| 21:54 | Crear | Villager (Male) |
| 22:02 | Investigar | Bow Saw |
| 22:13 | Construir | Farm |
| 22:18 | Construir | Farm |
| 22:45 | Crear | Villager (Male) |
| 22:45 | Crear | Villager (Male) |
| 22:54 | Crear | Villager (Male) |
| 22:59 | Investigar | Gold Mining |
| 23:06 | Construir | Farm |
| 23:06 | Construir | Farm |
| 23:07 | Construir | Farm |
| 23:15 | Investigar | Heavy Plow |
| 23:28 | Construir | Siege Workshop |
| 23:31 | Crear | Villager (Male) |
| 23:57 | Crear | Kamayuk |
| 23:58 | Crear | Kamayuk |
| 24:04 | Crear | Villager (Male) |
| 24:40 | Construir | Town Center |
| 24:43 | Crear | Villager (Male) |
| 24:48 | Crear | Kamayuk |
| 24:48 | Crear | Kamayuk |
| 24:49 | Crear | Kamayuk |
| 25:09 | Crear | Battering Ram |
| 25:10 | Crear | Battering Ram |
| 25:34 | Crear | Battering Ram |
| 25:43 | Crear | Kamayuk |
| 25:44 | Crear | Kamayuk |
| 25:45 | Crear | Kamayuk |
| 25:56 | Crear | Villager (Male) |
| 25:57 | Crear | Villager (Male) |
| 26:07 | Construir | Farm |
| 26:07 | Construir | Farm |
| 26:14 | Construir | Farm |
| 26:14 | Construir | Farm |
| 26:14 | Construir | Farm |
| 26:23 | Crear | Kamayuk |
| 26:23 | Crear | Kamayuk |
| 27:00 | Crear | Battering Ram |
| 27:35 | Crear | Kamayuk |
| 27:35 | Crear | Kamayuk |
| 27:36 | Crear | Kamayuk |
| 27:36 | Crear | Kamayuk |
| 28:15 | Crear | Kamayuk |
| 28:15 | Crear | Kamayuk |
| 28:16 | Crear | Kamayuk |
| 28:16 | Crear | Kamayuk |
| 28:16 | Crear | Kamayuk |
| 28:17 | Crear | Kamayuk |
| 28:43 | Crear | Battering Ram |
| 28:44 | Crear | Battering Ram |
| 28:45 | Crear | Villager (Male) |
| 28:46 | Crear | Villager (Male) |
| 28:47 | Crear | Villager (Male) |
| 29:24 | Crear | Kamayuk |
| 29:24 | Crear | Kamayuk |
| 29:25 | Crear | Kamayuk |
| 29:31 | Crear | Kamayuk |
| 29:40 | Crear | Villager (Male) |
| 29:50 | Construir | Settlement |
| 30:05 | Crear | Kamayuk |
| 30:05 | Crear | Kamayuk |
| 30:06 | Crear | Kamayuk |
| 32:03 | Investigar | Scale Mail Armor |
| 32:04 | Investigar | Forging |
| 32:06 | Crear | Kamayuk |
| 32:06 | Crear | Kamayuk |
| 32:07 | Crear | Kamayuk |
| 32:07 | Crear | Kamayuk |
| 32:08 | Crear | Kamayuk |
| 32:15 | Crear | Battering Ram |
| 32:16 | Crear | Battering Ram |
| 32:16 | Crear | Battering Ram |
| 32:16 | Crear | Battering Ram |
| 32:22 | Crear | Villager (Male) |
| 32:23 | Crear | Villager (Male) |
| 32:23 | Crear | Villager (Male) |
| 32:23 | Crear | Villager (Male) |
| 32:24 | Crear | Villager (Male) |
| 32:25 | Crear | Villager (Male) |
Build order — dominikcore1
Primeras 150 de 281 acciones detectadas
| 0:06 | Construir | House |
| 0:07 | Construir | House |
| 0:08 | Construir | House |
| 0:11 | Construir | House |
| 0:15 | Crear | Villager (Male) ×4 |
| 0:15 | Crear | Villager (Male) ×4 |
| 0:52 | Investigar | Loom |
| 1:59 | Construir | Palisade Wall |
| 3:07 | Construir | Palisade Gate |
| 3:47 | Crear | Villager (Male) ×2 |
| 3:47 | Crear | Villager (Male) ×2 |
| 4:26 | Crear | Villager (Male) |
| 4:26 | Crear | Villager (Male) |
| 4:44 | Crear | Villager (Male) |
| 4:44 | Crear | Villager (Male) |
| 6:01 | Crear | Villager (Male) |
| 6:19 | Crear | Villager (Male) |
| 6:20 | Crear | Villager (Male) |
| 6:32 | Construir | Lumber Camp |
| 6:54 | Construir | Mill |
| 7:42 | Crear | Villager (Male) ×2 |
| 8:13 | Crear | Villager (Male) |
| 8:13 | Crear | Villager (Male) |
| 9:23 | Crear | Villager (Male) ×4 |
| 10:01 | Construir | Lumber Camp |
| 10:05 | Crear | Villager (Male) ×3 |
| 10:05 | Crear | Villager (Male) ×3 |
| 11:05 | Investigar | Feudal Age |
| 11:06 | Investigar | Feudal Age |
| 11:36 | Construir | Barracks |
| 11:45 | Crear | Villager (Male) |
| 11:45 | Crear | Villager (Male) |
| 12:05 | Crear | Villager (Male) |
| 12:06 | Crear | Villager (Male) |
| 12:15 | Construir | House |
| 12:16 | Construir | House |
| 12:19 | Construir | House |
| 12:22 | Construir | House |
| 13:03 | Crear | Villager (Male) ×3 |
| 13:15 | Edad | Edad Feudal |
| 13:19 | Construir | Stable |
| 13:28 | Construir | Blacksmith |
| 13:43 | Construir | Blacksmith |
| 13:50 | Crear | Villager (Male) |
| 14:09 | Crear | Villager (Male) |
| 14:09 | Crear | Villager (Male) |
| 14:25 | Construir | Stone Wall |
| 14:35 | Construir | Gate |
| 15:02 | Construir | Farm |
| 15:03 | Construir | Farm |
| 15:04 | Construir | Farm |
| 15:05 | Construir | Farm |
| 15:07 | Construir | Farm |
| 15:09 | Construir | Farm |
| 15:13 | Construir | Farm |
| 15:27 | Construir | Farm |
| 15:28 | Construir | Farm |
| 15:30 | Construir | Farm |
| 15:44 | Construir | Farm |
| 15:44 | Construir | Farm |
| 15:46 | Construir | Farm |
| 15:47 | Construir | Farm |
| 15:47 | Construir | Farm |
| 15:48 | Construir | Farm |
| 15:49 | Construir | Farm |
| 15:49 | Construir | Farm |
| 15:51 | Construir | Farm |
| 15:52 | Construir | Farm |
| 15:53 | Construir | Farm |
| 15:53 | Construir | Farm |
| 15:54 | Construir | Farm |
| 15:57 | Crear | Scout Cavalry ×3 |
| 15:57 | Crear | Scout Cavalry ×3 |
| 16:10 | Construir | Watch Tower |
| 16:23 | Construir | Farm |
| 16:25 | Construir | Farm |
| 16:26 | Construir | Farm |
| 16:33 | Construir | Farm |
| 16:50 | Investigar | Double-Bit Axe |
| 17:08 | Investigar | Horse Collar |
| 17:15 | Construir | Farm |
| 17:17 | Construir | Farm |
| 17:18 | Construir | Farm |
| 17:19 | Construir | Farm |
| 17:20 | Construir | Farm |
| 17:33 | Construir | Farm |
| 17:36 | Construir | Farm |
| 17:38 | Construir | Farm |
| 17:40 | Construir | Farm |
| 17:53 | Construir | Farm |
| 17:54 | Construir | Farm |
| 17:56 | Construir | Farm |
| 17:58 | Construir | Farm |
| 17:58 | Construir | Farm |
| 18:00 | Construir | Farm |
| 18:00 | Construir | Farm |
| 18:01 | Construir | Farm |
| 18:02 | Construir | Farm |
| 18:11 | Crear | Scout Cavalry |
| 18:11 | Crear | Scout Cavalry |
| 18:12 | Crear | Scout Cavalry |
| 19:02 | Crear | Scout Cavalry |
| 19:02 | Crear | Scout Cavalry |
| 19:08 | Crear | Villager (Male) |
| 19:08 | Crear | Villager (Male) |
| 19:08 | Crear | Villager (Male) |
| 19:08 | Crear | Villager (Male) |
| 19:13 | Construir | Farm |
| 19:14 | Construir | Farm |
| 19:15 | Construir | Farm |
| 19:17 | Construir | Farm |
| 20:08 | Construir | House |
| 20:10 | Construir | House |
| 20:12 | Construir | House |
| 20:14 | Construir | House |
| 20:20 | Construir | House |
| 20:22 | Construir | House |
| 21:15 | Crear | Villager (Male) ×5 |
| 21:16 | Crear | Villager (Male) ×5 |
| 21:30 | Investigar | Fletching |
| 21:41 | Crear | Scout Cavalry ×5 |
| 21:50 | Crear | Scout Cavalry |
| 21:58 | Construir | Mining Camp |
| 22:40 | Investigar | Arson |
| 22:52 | Crear | Scout Cavalry |
| 24:42 | Construir | Mining Camp |
| 24:49 | Investigar | Castle Age |
| 24:49 | Investigar | Castle Age |
| 25:01 | Investigar | Man-at-Arms (upgrade) |
| 25:36 | Investigar | Stone Mining |
| 25:44 | Investigar | Gold Mining |
| 25:56 | Crear | Villager (Male) ×5 |
| 25:57 | Crear | Villager (Male) ×5 |
| 26:37 | Construir | Palisade Wall |
| 26:39 | Construir | Palisade Wall |
| 26:40 | Construir | Palisade Wall |
| 26:58 | Construir | Farm |
| 26:58 | Construir | Farm |
| 26:59 | Construir | Farm |
| 26:59 | Construir | Farm |
| 27:00 | Construir | Farm |
| 27:01 | Construir | Farm |
| 27:01 | Construir | Farm |
| 27:04 | Investigar | Arson |
| 27:22 | Construir | Barracks |
| 27:29 | Construir | Barracks |
| 27:40 | Edad | Edad de los Castillos |
| 27:43 | Construir | Town Center |
| 27:49 | Investigar | Bow Saw |
| 28:01 | Crear | Villager (Male) |
Build order — Good Knight
Primeras 150 de 274 acciones detectadas
| 0:09 | Construir | House |
| 0:22 | Crear | Villager (Male) |
| 0:22 | Crear | Villager (Male) |
| 0:40 | Construir | House |
| 0:43 | Crear | Villager (Male) |
| 2:28 | Crear | Villager (Male) |
| 2:28 | Crear | Villager (Male) |
| 2:53 | Crear | Villager (Male) |
| 3:17 | Investigar | Loom |
| 3:18 | Crear | Villager (Male) |
| 4:13 | Crear | Villager (Male) |
| 4:40 | Construir | Lumber Camp |
| 4:46 | Crear | Villager (Male) |
| 4:50 | Crear | Villager (Male) |
| 5:05 | Crear | Villager (Male) |
| 5:47 | Construir | Palisade Wall |
| 6:00 | Crear | Villager (Male) |
| 6:09 | Construir | House |
| 6:40 | Construir | Palisade Wall |
| 7:09 | Crear | Villager (Male) |
| 7:10 | Crear | Villager (Male) |
| 7:44 | Crear | Villager (Male) |
| 8:11 | Construir | Mill |
| 8:50 | Crear | Villager (Male) |
| 8:53 | Crear | Villager (Male) |
| 9:53 | Construir | House |
| 9:59 | Construir | House |
| 10:35 | Construir | Dock |
| 10:43 | Crear | Villager (Male) |
| 11:16 | Construir | House |
| 11:26 | Crear | Fishing Ship |
| 11:59 | Investigar | Feudal Age |
| 13:05 | Crear | Villager (Male) |
| 13:06 | Crear | Villager (Male) |
| 13:10 | Crear | Fishing Ship |
| 13:35 | Construir | Mining Camp |
| 13:38 | Crear | Fishing Ship |
| 13:39 | Crear | Fishing Ship |
| 14:09 | Edad | Edad Feudal |
| 14:18 | Construir | Watch Tower |
| 16:05 | Crear | Villager (Male) |
| 16:05 | Crear | Villager (Male) |
| 16:05 | Crear | Villager (Male) |
| 16:05 | Crear | Villager (Male) |
| 16:06 | Crear | Villager (Male) |
| 16:44 | Construir | Watch Tower |
| 16:50 | Investigar | Stone Mining |
| 16:53 | Crear | Villager (Male) |
| 16:54 | Crear | Villager (Male) |
| 16:54 | Crear | Villager (Male) |
| 16:54 | Crear | Villager (Male) |
| 16:54 | Crear | Villager (Male) |
| 16:54 | Crear | Villager (Male) |
| 16:54 | Crear | Villager (Male) |
| 16:58 | Crear | Fishing Ship |
| 17:36 | Construir | Barracks |
| 17:40 | Investigar | Tech 906 |
| 17:41 | Crear | Fishing Ship |
| 17:48 | Investigar | Double-Bit Axe |
| 17:50 | Investigar | Horse Collar |
| 17:56 | Construir | Farm |
| 18:00 | Construir | Farm |
| 18:31 | Construir | Farm |
| 18:58 | Construir | House |
| 19:03 | Crear | Fishing Ship |
| 19:11 | Construir | Farm |
| 19:14 | Crear | Villager (Male) |
| 19:35 | Construir | Mining Camp |
| 19:40 | Crear | Eagle Scout |
| 20:23 | Construir | Stone Wall |
| 21:17 | Crear | Villager (Male) |
| 21:17 | Crear | Villager (Male) |
| 21:28 | Construir | Fish Trap |
| 21:37 | Construir | Fish Trap |
| 21:43 | Construir | Fish Trap |
| 21:50 | Construir | Fish Trap |
| 22:04 | Crear | Fishing Ship |
| 22:40 | Construir | House |
| 23:22 | Construir | Stone Wall |
| 23:29 | Construir | Gate |
| 23:50 | Construir | Mining Camp |
| 23:56 | Crear | Villager (Male) |
| 23:56 | Crear | Villager (Male) |
| 23:57 | Crear | Villager (Male) |
| 23:57 | Crear | Villager (Male) |
| 23:57 | Crear | Villager (Male) |
| 24:16 | Construir | Farm |
| 24:22 | Construir | Farm |
| 24:34 | Construir | Farm |
| 24:39 | Construir | Farm |
| 24:41 | Investigar | Gold Mining |
| 24:49 | Construir | House |
| 25:49 | Construir | Farm |
| 25:55 | Construir | Market |
| 26:07 | Construir | Blacksmith |
| 26:15 | Construir | Farm |
| 27:42 | Construir | Stone Wall |
| 27:48 | Construir | Gate |
| 27:53 | Construir | Archery Range |
| 28:06 | Construir | Watch Tower |
| 28:18 | Investigar | Fletching |
| 28:28 | Investigar | Castle Age |
| 28:29 | Crear | Villager (Male) |
| 28:29 | Crear | Villager (Male) |
| 28:43 | Construir | House |
| 28:46 | Construir | House |
| 28:49 | Construir | House |
| 28:54 | Construir | House |
| 28:57 | Construir | House |
| 29:02 | Construir | House |
| 29:08 | Construir | House |
| 29:11 | Construir | House |
| 29:24 | Construir | Archery Range |
| 29:40 | Crear | Fishing Ship |
| 29:40 | Crear | Fishing Ship |
| 29:57 | Construir | Fish Trap |
| 30:07 | Construir | Fish Trap |
| 30:13 | Construir | Fish Trap |
| 30:53 | Construir | Lumber Camp |
| 31:02 | Crear | Trade Cart |
| 31:08 | Edad | Edad de los Castillos |
| 31:45 | Construir | Castle |
| 31:57 | Construir | University |
| 32:46 | Construir | Town Center |
| 32:58 | Investigar | Bow Saw |
| 33:04 | Investigar | Town Watch |
| 33:04 | Crear | Villager (Male) |
| 33:05 | Crear | Villager (Male) |
| 33:05 | Crear | Villager (Male) |
| 33:05 | Crear | Villager (Male) |
| 33:05 | Crear | Villager (Male) |
| 33:05 | Crear | Villager (Male) |
| 33:06 | Crear | Villager (Male) |
| 33:19 | Investigar | Bodkin Arrow |
| 33:20 | Investigar | Padded Archer Armor |
| 33:27 | Crear | Skirmisher |
| 33:28 | Crear | Skirmisher |
| 33:28 | Crear | Skirmisher |
| 33:28 | Crear | Skirmisher |
| 33:28 | Crear | Skirmisher |
| 33:51 | Investigar | Murder Holes |
| 34:31 | Construir | Lumber Camp |
| 34:49 | Construir | Town Center |
| 34:55 | Crear | Villager (Male) |
| 34:56 | Crear | Villager (Male) |
| 34:56 | Crear | Villager (Male) |
| 34:56 | Crear | Villager (Male) |
| 34:56 | Crear | Villager (Male) |
| 34:57 | Crear | Villager (Male) |
| 34:57 | Crear | Villager (Male) |
Build order — Exo
Primeras 150 de 341 acciones detectadas
| 0:05 | Construir | House |
| 0:09 | Construir | House |
| 0:10 | Crear | Villager (Male) ×4 |
| 1:16 | Construir | Palisade Wall |
| 1:41 | Construir | Palisade Wall |
| 1:42 | Construir | Palisade Wall |
| 2:24 | Crear | Villager (Male) |
| 2:42 | Crear | Villager (Male) |
| 2:56 | Construir | Lumber Camp |
| 3:04 | Construir | House |
| 3:23 | Crear | Villager (Male) |
| 3:48 | Crear | Villager (Male) |
| 4:13 | Crear | Villager (Male) |
| 4:38 | Crear | Villager (Male) |
| 5:09 | Crear | Villager (Male) |
| 5:24 | Construir | Mill |
| 6:09 | Crear | Villager (Male) |
| 6:10 | Crear | Villager (Male) |
| 6:28 | Crear | Villager (Male) |
| 6:56 | Construir | House |
| 7:00 | Construir | Palisade Wall |
| 7:14 | Crear | Villager (Male) |
| 7:14 | Crear | Villager (Male) |
| 7:34 | Crear | Villager (Male) |
| 8:20 | Construir | House |
| 8:22 | Construir | House |
| 8:34 | Crear | Villager (Male) |
| 8:51 | Crear | Villager (Male) |
| 9:12 | Crear | Villager (Male) |
| 9:27 | Construir | Barracks |
| 9:31 | Crear | Villager (Male) |
| 9:31 | Crear | Villager (Male) |
| 9:41 | Crear | Villager (Male) |
| 9:43 | Construir | Mining Camp |
| 10:35 | Construir | House |
| 10:36 | Construir | House |
| 10:38 | Construir | House |
| 11:04 | Crear | Villager (Male) |
| 11:18 | Investigar | Feudal Age |
| 11:45 | Construir | Farm |
| 11:45 | Construir | Farm |
| 11:51 | Construir | Farm |
| 11:52 | Construir | Farm |
| 11:54 | Construir | Farm |
| 11:55 | Construir | Farm |
| 12:44 | Construir | Farm |
| 13:05 | Crear | Villager (Male) |
| 13:05 | Crear | Villager (Male) |
| 13:28 | Edad | Edad Feudal |
| 13:36 | Construir | Blacksmith |
| 13:45 | Construir | Farm |
| 14:07 | Construir | Farm |
| 14:32 | Construir | Stable |
| 14:37 | Crear | Villager (Male) |
| 14:44 | Crear | Villager (Male) |
| 14:51 | Construir | Farm |
| 15:03 | Construir | Farm |
| 15:15 | Crear | Villager (Male) |
| 15:16 | Crear | Villager (Male) |
| 15:20 | Construir | Farm |
| 15:39 | Construir | Farm |
| 15:44 | Crear | Villager (Male) |
| 16:04 | Construir | Farm |
| 16:13 | Construir | Farm |
| 16:20 | Investigar | Castle Age |
| 17:24 | Crear | Villager (Male) |
| 17:24 | Crear | Villager (Male) |
| 18:11 | Crear | Villager (Male) |
| 19:00 | Edad | Edad de los Castillos |
| 19:04 | Construir | Town Center |
| 19:19 | Construir | Town Center |
| 19:25 | Crear | Villager (Male) |
| 19:26 | Crear | Villager (Male) |
| 20:20 | Investigar | Double-Bit Axe |
| 20:32 | Crear | Knight |
| 20:33 | Crear | Knight |
| 20:45 | Crear | Villager (Male) |
| 20:46 | Crear | Villager (Male) |
| 20:47 | Crear | Villager (Male) ×5 |
| 20:57 | Construir | Farm |
| 21:06 | Crear | Villager (Male) |
| 21:07 | Crear | Villager (Male) |
| 21:16 | Crear | Villager (Male) ×5 |
| 21:28 | Crear | Villager (Male) |
| 21:34 | Crear | Villager (Male) |
| 21:39 | Crear | Villager (Male) |
| 21:39 | Crear | Villager (Male) |
| 21:40 | Crear | Villager (Male) |
| 21:40 | Crear | Villager (Male) |
| 21:42 | Crear | Villager (Male) |
| 21:43 | Crear | Villager (Male) |
| 21:47 | Construir | Farm |
| 21:48 | Construir | Farm |
| 22:53 | Crear | Villager (Male) |
| 22:53 | Crear | Villager (Male) |
| 23:03 | Crear | Villager (Male) |
| 23:04 | Crear | Villager (Male) |
| 23:06 | Crear | Villager (Male) |
| 23:14 | Construir | Farm |
| 23:16 | Construir | Farm |
| 23:18 | Construir | Farm |
| 23:19 | Construir | Farm |
| 23:23 | Construir | Farm |
| 23:24 | Construir | Farm |
| 23:29 | Crear | Villager (Male) |
| 23:31 | Crear | Villager (Male) |
| 23:31 | Crear | Villager (Male) |
| 23:49 | Construir | House |
| 23:51 | Construir | House |
| 23:52 | Construir | House |
| 23:54 | Construir | House |
| 24:04 | Investigar | Forging |
| 24:05 | Investigar | Scale Barding Armor |
| 24:06 | Crear | Knight |
| 24:19 | Crear | Villager (Male) |
| 24:22 | Construir | House |
| 24:25 | Construir | Stable |
| 24:33 | Construir | House |
| 24:35 | Construir | House |
| 24:36 | Construir | House |
| 25:02 | Crear | Villager (Male) |
| 25:08 | Construir | Farm |
| 25:10 | Construir | Farm |
| 25:11 | Construir | Farm |
| 25:12 | Construir | Farm |
| 25:18 | Crear | Knight |
| 25:26 | Construir | Stable |
| 25:31 | Crear | Knight |
| 25:32 | Crear | Knight |
| 25:46 | Crear | Knight |
| 25:46 | Crear | Knight |
| 25:47 | Investigar | Husbandry |
| 25:59 | Construir | Farm |
| 26:00 | Construir | Farm |
| 26:02 | Construir | Farm |
| 26:05 | Construir | Farm |
| 26:08 | Crear | Villager (Male) |
| 26:09 | Crear | Villager (Male) |
| 26:09 | Crear | Villager (Male) |
| 26:11 | Crear | Villager (Male) |
| 26:11 | Crear | Villager (Male) |
| 26:12 | Crear | Villager (Male) |
| 26:28 | Construir | House |
| 26:33 | Construir | House |
| 26:56 | Crear | Knight |
| 27:00 | Crear | Knight |
| 27:02 | Construir | Stable |
| 27:04 | Crear | Knight |
| 27:05 | Crear | Knight |
| 27:05 | Crear | Knight |
Build order — w4br9u364q6
Primeras 150 de 303 acciones detectadas
| 0:09 | Crear | Villager (Male) |
| 0:10 | Investigar | Loom |
| 0:11 | Crear | Villager (Male) ×3 |
| 0:11 | Crear | Villager (Male) ×3 |
| 0:16 | Construir | House |
| 0:21 | Construir | House |
| 1:47 | Crear | Villager (Male) |
| 2:40 | Crear | Villager (Male) |
| 2:41 | Crear | Villager (Male) |
| 3:04 | Crear | Villager (Male) |
| 3:04 | Crear | Villager (Male) |
| 3:23 | Construir | Palisade Wall |
| 3:30 | Crear | Villager (Male) |
| 3:31 | Crear | Villager (Male) |
| 3:41 | Crear | Villager (Male) |
| 3:41 | Crear | Villager (Male) |
| 4:21 | Construir | House |
| 4:25 | Crear | Villager (Male) |
| 4:25 | Crear | Villager (Male) |
| 5:03 | Crear | Villager (Male) |
| 5:03 | Crear | Villager (Male) |
| 5:31 | Crear | Villager (Male) |
| 5:32 | Crear | Villager (Male) |
| 6:38 | Crear | Villager (Male) |
| 6:38 | Crear | Villager (Male) |
| 7:07 | Crear | Villager (Male) |
| 7:07 | Crear | Villager (Male) |
| 7:57 | Construir | House |
| 7:59 | Crear | Villager (Male) |
| 7:59 | Crear | Villager (Male) |
| 8:12 | Crear | Villager (Male) |
| 8:42 | Construir | Mining Camp |
| 8:47 | Construir | Mill |
| 8:57 | Crear | Villager (Male) |
| 8:58 | Crear | Villager (Male) |
| 9:20 | Construir | Lumber Camp |
| 9:27 | Crear | Villager (Male) |
| 10:28 | Crear | Villager (Male) |
| 10:29 | Crear | Villager (Male) |
| 10:36 | Construir | House |
| 10:44 | Construir | Mining Camp |
| 11:13 | Construir | Lumber Camp |
| 11:22 | Crear | Villager (Male) |
| 11:46 | Crear | Villager (Male) |
| 12:17 | Crear | Villager (Male) |
| 12:33 | Construir | Pasture |
| 12:35 | Crear | Villager (Male) |
| 13:00 | Crear | Villager (Male) |
| 13:08 | Construir | Barracks |
| 13:21 | Construir | House |
| 13:40 | Investigar | Feudal Age |
| 13:40 | Investigar | Feudal Age |
| 14:29 | Crear | Militia |
| 14:29 | Crear | Militia |
| 14:57 | Construir | Palisade Wall |
| 15:00 | Construir | Palisade Wall |
| 15:13 | Crear | Villager (Male) |
| 15:20 | Construir | Pasture |
| 15:50 | Edad | Edad Feudal |
| 15:55 | Investigar | Man-at-Arms (upgrade) |
| 15:58 | Crear | Militia |
| 16:14 | Construir | Archery Range |
| 16:20 | Construir | Pasture |
| 16:23 | Crear | Villager (Male) |
| 16:38 | Construir | Blacksmith |
| 16:43 | Crear | Villager (Male) |
| 16:53 | Construir | House |
| 17:01 | Construir | House |
| 17:18 | Crear | Villager (Male) |
| 17:19 | Crear | Villager (Male) |
| 17:26 | Construir | Pasture |
| 17:59 | Construir | Pasture |
| 18:20 | Construir | Palisade Gate |
| 18:28 | Crear | Villager (Male) |
| 19:04 | Construir | Stone Wall |
| 19:07 | Construir | Stone Wall |
| 19:12 | Crear | Villager (Male) |
| 19:27 | Crear | Militia |
| 19:27 | Crear | Militia |
| 19:32 | Crear | Villager (Male) |
| 19:56 | Crear | Villager (Male) |
| 20:02 | Crear | Spearman |
| 20:25 | Crear | Villager (Male) |
| 20:52 | Investigar | Castle Age |
| 21:06 | Construir | Dock |
| 21:43 | Construir | Mining Camp |
| 21:53 | Construir | Market |
| 21:59 | Crear | Fishing Ship |
| 22:00 | Crear | Fishing Ship |
| 22:21 | Construir | House |
| 22:23 | Construir | House |
| 22:24 | Construir | House |
| 22:57 | Investigar | Double-Bit Axe |
| 22:59 | Investigar | Tech 1014 |
| 23:14 | Crear | Fishing Ship |
| 23:32 | Edad | Edad de los Castillos |
| 23:40 | Construir | Town Center |
| 23:53 | Construir | Town Center |
| 24:01 | Construir | Monastery |
| 24:04 | Crear | Villager (Male) |
| 24:04 | Crear | Villager (Male) |
| 24:18 | Investigar | Scale Mail Armor |
| 24:18 | Investigar | Forging |
| 24:27 | Investigar | Bow Saw |
| 24:50 | Construir | Pasture |
| 24:56 | Crear | Monk |
| 25:08 | Construir | Pasture |
| 25:13 | Crear | Villager (Male) |
| 25:31 | Construir | Pasture |
| 25:32 | Construir | Pasture |
| 25:36 | Crear | Villager (Male) |
| 25:44 | Investigar | Wheelbarrow |
| 25:45 | Crear | Villager (Male) ×5 |
| 26:22 | Construir | Pasture |
| 26:30 | Crear | Villager (Male) ×5 |
| 26:43 | Crear | Fishing Ship |
| 26:46 | Investigar | Tech 1013 |
| 26:49 | Crear | Villager (Male) |
| 27:04 | Crear | Villager (Male) ×2 |
| 27:07 | Crear | Fishing Ship |
| 27:33 | Crear | Villager (Male) |
| 27:45 | Investigar | Stone Mining |
| 27:50 | Investigar | Gold Mining |
| 27:54 | Crear | Villager (Male) |
| 27:55 | Crear | Villager (Male) |
| 28:15 | Crear | Villager (Male) ×4 |
| 28:26 | Construir | House |
| 28:26 | Construir | House |
| 28:27 | Construir | House |
| 28:29 | Construir | House |
| 28:30 | Construir | House |
| 28:32 | Construir | House |
| 28:44 | Construir | House |
| 28:45 | Construir | House |
| 28:59 | Construir | Castle |
| 29:11 | Construir | House |
| 29:12 | Construir | House |
| 29:14 | Construir | House |
| 29:15 | Construir | House |
| 29:18 | Crear | Fishing Ship |
| 29:24 | Construir | Fish Trap |
| 29:28 | Construir | Fish Trap |
| 29:32 | Construir | Fish Trap |
| 29:37 | Construir | Fish Trap |
| 29:42 | Construir | Fish Trap |
| 29:45 | Crear | Fishing Ship |
| 29:48 | Investigar | Hand Cart |
| 29:49 | Crear | Villager (Male) ×5 |
| 29:55 | Construir | Pasture |
| 29:56 | Construir | Pasture |
Build order — fjk
Primeras 150 de 342 acciones detectadas
| 0:11 | Construir | House |
| 0:12 | Construir | House |
| 0:15 | Crear | Villager (Male) ×4 |
| 0:15 | Crear | Villager (Male) ×4 |
| 0:15 | Crear | Villager (Male) ×4 |
| 1:02 | Construir | House |
| 1:03 | Construir | House |
| 1:50 | Crear | Villager (Male) |
| 1:50 | Crear | Villager (Male) |
| 1:50 | Crear | Villager (Male) |
| 2:24 | Crear | Villager (Male) |
| 2:24 | Crear | Villager (Male) |
| 2:25 | Crear | Villager (Male) |
| 2:41 | Crear | Villager (Male) |
| 2:41 | Crear | Villager (Male) |
| 2:42 | Crear | Villager (Male) |
| 3:20 | Crear | Villager (Male) |
| 3:20 | Crear | Villager (Male) |
| 3:21 | Crear | Villager (Male) |
| 3:58 | Crear | Villager (Male) |
| 3:59 | Crear | Villager (Male) |
| 3:59 | Crear | Villager (Male) |
| 4:13 | Construir | Mill |
| 4:18 | Crear | Villager (Male) |
| 4:18 | Crear | Villager (Male) |
| 4:19 | Crear | Villager (Male) |
| 4:52 | Construir | Lumber Camp |
| 4:55 | Crear | Villager (Male) |
| 4:56 | Crear | Villager (Male) |
| 4:56 | Crear | Villager (Male) |
| 5:39 | Crear | Villager (Male) |
| 6:04 | Crear | Villager (Male) |
| 6:36 | Crear | Villager (Male) |
| 6:37 | Crear | Villager (Male) |
| 6:37 | Crear | Villager (Male) |
| 7:50 | Construir | House |
| 7:55 | Crear | Villager (Male) |
| 8:14 | Crear | Villager (Male) |
| 8:30 | Crear | Villager (Male) |
| 8:37 | Construir | House |
| 8:59 | Construir | Dock |
| 9:07 | Crear | Villager (Male) |
| 9:32 | Crear | Villager (Male) |
| 10:00 | Construir | Lumber Camp |
| 10:03 | Investigar | Feudal Age |
| 10:13 | Crear | Fishing Ship |
| 10:14 | Crear | Fishing Ship |
| 11:26 | Crear | Fishing Ship |
| 11:50 | Construir | Mill |
| 12:06 | Crear | Fishing Ship |
| 12:13 | Edad | Edad Feudal |
| 12:19 | Investigar | Wheelbarrow |
| 12:41 | Investigar | Double-Bit Axe |
| 12:48 | Investigar | Horse Collar |
| 13:03 | Construir | Mining Camp |
| 13:06 | Crear | Villager (Male) |
| 13:06 | Crear | Villager (Male) |
| 13:54 | Investigar | Gold Mining |
| 14:19 | Crear | Villager (Male) |
| 14:19 | Crear | Villager (Male) |
| 14:27 | Construir | Farm |
| 14:28 | Construir | Farm |
| 14:29 | Construir | Farm |
| 14:31 | Construir | Farm |
| 14:33 | Construir | Farm |
| 14:34 | Construir | Farm |
| 14:36 | Construir | Farm |
| 14:38 | Construir | Farm |
| 14:39 | Construir | Farm |
| 14:46 | Crear | Villager (Male) |
| 14:46 | Crear | Villager (Male) |
| 15:03 | Construir | House |
| 15:05 | Construir | House |
| 15:05 | Construir | House |
| 15:42 | Construir | Farm |
| 15:43 | Construir | Farm |
| 15:45 | Construir | Farm |
| 15:48 | Construir | Farm |
| 16:02 | Construir | Mill |
| 16:08 | Crear | Villager (Male) |
| 16:08 | Crear | Villager (Male) |
| 16:25 | Construir | Market |
| 16:50 | Crear | Villager (Male) |
| 16:50 | Crear | Villager (Male) |
| 16:51 | Crear | Villager (Male) |
| 17:10 | Construir | Blacksmith |
| 17:22 | Crear | Fishing Ship |
| 17:22 | Crear | Fishing Ship |
| 18:09 | Construir | Mining Camp |
| 18:19 | Investigar | Castle Age |
| 18:34 | Construir | Stone Wall |
| 18:43 | Investigar | Stone Mining |
| 18:50 | Investigar | Tech 906 |
| 19:27 | Construir | Stone Wall |
| 20:23 | Construir | Stone Wall |
| 20:59 | Edad | Edad de los Castillos |
| 21:01 | Construir | Gate |
| 21:13 | Investigar | Hand Cart |
| 21:18 | Investigar | Stone Shaft Mining |
| 21:22 | Investigar | Bow Saw |
| 21:55 | Construir | Town Center |
| 22:05 | Crear | Villager (Male) |
| 22:05 | Crear | Villager (Male) |
| 22:05 | Crear | Villager (Male) |
| 22:38 | Construir | Lumber Camp |
| 22:59 | Investigar | Gold Shaft Mining |
| 23:14 | Construir | House |
| 23:16 | Construir | House |
| 23:17 | Construir | House |
| 23:19 | Construir | House |
| 23:19 | Construir | House |
| 23:42 | Construir | Town Center |
| 23:57 | Crear | Villager (Male) |
| 24:08 | Construir | Monastery |
| 24:14 | Crear | Villager (Male) |
| 24:15 | Crear | Villager (Male) |
| 24:18 | Crear | Villager (Male) |
| 24:19 | Crear | Villager (Male) |
| 24:19 | Crear | Villager (Male) |
| 24:19 | Crear | Villager (Male) |
| 24:19 | Crear | Villager (Male) |
| 24:36 | Investigar | Heavy Plow |
| 24:49 | Crear | Monk |
| 25:08 | Construir | Fish Trap |
| 25:09 | Construir | Fish Trap |
| 25:10 | Construir | Fish Trap |
| 25:22 | Crear | Villager (Male) |
| 25:22 | Crear | Villager (Male) |
| 25:22 | Crear | Villager (Male) |
| 25:22 | Crear | Villager (Male) |
| 25:23 | Crear | Villager (Male) |
| 25:33 | Crear | Villager (Male) |
| 25:34 | Crear | Villager (Male) |
| 25:34 | Crear | Villager (Male) |
| 25:34 | Crear | Villager (Male) |
| 25:34 | Crear | Villager (Male) |
| 25:52 | Crear | Villager (Male) |
| 25:52 | Crear | Villager (Male) |
| 25:58 | Crear | Villager (Male) |
| 25:58 | Crear | Villager (Male) |
| 26:10 | Construir | Fish Trap |
| 26:11 | Construir | Fish Trap |
| 26:34 | Investigar | Gillnets |
| 26:54 | Construir | University |
| 27:16 | Crear | Trade Cart |
| 27:16 | Crear | Trade Cart |
| 27:17 | Crear | Trade Cart |
| 27:17 | Crear | Trade Cart |
| 27:17 | Crear | Trade Cart |
| 27:32 | Crear | Villager (Male) |
Build order — Balardroch
Primeras 150 de 270 acciones detectadas
| 0:06 | Construir | House |
| 0:08 | Construir | House |
| 0:09 | Construir | House |
| 0:10 | Construir | House |
| 0:19 | Construir | Mule Cart |
| 0:21 | Investigar | Loom |
| 0:21 | Crear | Villager (Male) |
| 0:22 | Crear | Villager (Male) |
| 0:22 | Crear | Villager (Male) |
| 0:22 | Crear | Villager (Male) |
| 2:10 | Crear | Villager (Male) |
| 2:52 | Crear | Villager (Male) |
| 3:07 | Construir | Palisade Wall |
| 3:13 | Construir | Palisade Gate |
| 4:18 | Construir | Palisade Wall |
| 5:01 | Crear | Villager (Male) |
| 5:01 | Crear | Villager (Male) |
| 5:01 | Crear | Villager (Male) |
| 5:01 | Crear | Villager (Male) |
| 6:57 | Crear | Villager (Male) |
| 6:57 | Crear | Villager (Male) |
| 6:58 | Crear | Villager (Male) |
| 7:35 | Crear | Villager (Male) |
| 7:35 | Crear | Villager (Male) |
| 8:10 | Crear | Villager (Male) |
| 8:11 | Crear | Villager (Male) |
| 8:29 | Construir | Mill |
| 9:12 | Crear | Villager (Male) |
| 9:52 | Construir | Palisade Wall |
| 10:01 | Construir | Palisade Gate |
| 10:56 | Crear | Villager (Male) |
| 10:56 | Crear | Villager (Male) |
| 11:36 | Crear | Villager (Male) |
| 11:59 | Construir | Palisade Wall |
| 12:39 | Investigar | Feudal Age |
| 14:49 | Edad | Edad Feudal |
| 14:51 | Construir | Palisade Wall |
| 16:02 | Construir | Stone Wall |
| 16:10 | Construir | Gate |
| 16:30 | Construir | Stone Wall |
| 16:34 | Construir | Gate |
| 17:27 | Construir | Mule Cart |
| 17:38 | Construir | Mule Cart |
| 18:18 | Crear | Villager (Male) |
| 18:19 | Crear | Villager (Male) |
| 18:19 | Crear | Villager (Male) |
| 18:31 | Construir | House |
| 18:31 | Construir | House |
| 18:32 | Construir | House |
| 18:33 | Construir | House |
| 19:16 | Construir | Barracks |
| 19:25 | Construir | House |
| 19:26 | Construir | House |
| 19:34 | Crear | Villager (Male) |
| 19:48 | Construir | Market |
| 20:25 | Construir | Blacksmith |
| 20:31 | Crear | Villager (Male) |
| 20:31 | Crear | Villager (Male) |
| 20:31 | Crear | Villager (Male) |
| 21:08 | Investigar | Castle Age |
| 21:45 | Construir | Farm |
| 21:46 | Construir | Farm |
| 22:53 | Investigar | Double-Bit Axe |
| 22:55 | Investigar | Horse Collar |
| 23:19 | Crear | Villager (Male) |
| 23:20 | Crear | Villager (Male) |
| 24:09 | Construir | Watch Tower |
| 24:26 | Edad | Edad de los Castillos |
| 24:55 | Construir | Farm |
| 24:59 | Crear | Villager (Male) |
| 25:06 | Construir | Monastery |
| 25:11 | Construir | University |
| 25:43 | Construir | Farm |
| 25:45 | Construir | Farm |
| 25:51 | Crear | Villager (Male) |
| 25:51 | Crear | Villager (Male) |
| 26:00 | Crear | Villager (Male) |
| 26:01 | Crear | Villager (Male) |
| 26:13 | Crear | Warrior Priest |
| 26:47 | Construir | Mule Cart |
| 26:57 | Crear | Villager (Male) |
| 26:57 | Crear | Villager (Male) |
| 27:21 | Construir | Monastery |
| 28:12 | Crear | Warrior Priest |
| 28:15 | Investigar | Fervor |
| 28:16 | Investigar | Sanctity |
| 28:21 | Crear | Warrior Priest |
| 28:25 | Investigar | Squires |
| 28:26 | Investigar | Arson |
| 28:55 | Crear | Villager (Male) |
| 28:55 | Crear | Villager (Male) |
| 29:31 | Crear | Warrior Priest |
| 29:31 | Crear | Warrior Priest |
| 30:02 | Construir | Farm |
| 30:03 | Construir | Farm |
| 30:07 | Crear | Villager (Male) |
| 30:07 | Investigar | Wheelbarrow |
| 30:36 | Investigar | Stone Mining |
| 31:04 | Construir | Farm |
| 31:08 | Investigar | Heavy Plow |
| 31:11 | Crear | Villager (Male) |
| 31:11 | Crear | Villager (Male) |
| 31:50 | Construir | Castle |
| 33:19 | Crear | Villager (Male) |
| 33:19 | Crear | Villager (Male) |
| 34:06 | Crear | Warrior Priest |
| 34:07 | Crear | Warrior Priest |
| 34:15 | Investigar | Imperial Age |
| 34:20 | Construir | House |
| 34:22 | Construir | House |
| 34:23 | Construir | House |
| 34:23 | Construir | House |
| 34:24 | Construir | House |
| 34:25 | Construir | House |
| 34:26 | Construir | House |
| 34:27 | Construir | House |
| 34:43 | Crear | Warrior Priest |
| 34:43 | Crear | Warrior Priest |
| 35:03 | Crear | Composite Bowman |
| 35:03 | Crear | Composite Bowman |
| 35:03 | Crear | Composite Bowman |
| 35:04 | Crear | Composite Bowman |
| 35:04 | Crear | Composite Bowman |
| 35:04 | Crear | Composite Bowman |
| 35:12 | Investigar | Fletching |
| 35:50 | Crear | Warrior Priest |
| 35:50 | Crear | Warrior Priest |
| 35:59 | Crear | Composite Bowman |
| 36:00 | Crear | Composite Bowman |
| 36:14 | Investigar | Gold Mining |
| 36:59 | Construir | Castle |
| 37:07 | Construir | Monastery |
| 37:12 | Construir | Monastery |
| 37:21 | Crear | Warrior Priest |
| 37:25 | Investigar | Forging |
| 37:25 | Investigar | Scale Mail Armor |
| 37:25 | Edad | Edad Imperial |
| 37:33 | Crear | Trebuchet (Packed) |
| 37:33 | Crear | Trebuchet (Packed) |
| 37:58 | Construir | Stone Wall |
| 38:03 | Construir | Gate |
| 38:16 | Crear | Warrior Priest |
| 38:17 | Crear | Warrior Priest |
| 38:19 | Crear | Warrior Priest |
| 38:19 | Crear | Warrior Priest |
| 38:48 | Crear | Warrior Priest |
| 38:49 | Crear | Warrior Priest |
| 38:49 | Crear | Warrior Priest |
| 38:58 | Crear | Villager (Male) |
| 39:02 | Crear | Villager (Male) |
Cronología de la partida
| 1:04 | Heatace · wall_segment Palisade Wall x7 |
| 1:14 | Heatace · wall_segment Palisade Wall x10 |
| 1:16 | Exo · wall_segment Palisade Wall x1 |
| 1:41 | Exo · wall_segment Palisade Wall x9 |
| 1:42 | Exo · wall_segment Palisade Wall x4 |
| 1:59 | dominikcore1 · wall_segment Palisade Wall x17 |
| 2:31 | Heatace · wall_segment Palisade Wall x1 |
| 2:42 | Heatace · wall_segment Palisade Wall x1 |
| 3:07 | Balardroch · wall_segment Palisade Wall x21 |
| 3:23 | w4br9u364q6 · wall_segment Palisade Wall x14 |
| 4:18 | Balardroch · wall_segment Palisade Wall x1 |
| 5:47 | Good Knight · wall_segment Palisade Wall x6 |
| 6:40 | Good Knight · wall_segment Palisade Wall x4 |
| 7:00 | Exo · wall_segment Palisade Wall x9 |
| 8:48 | TUNAK TUNAK OLAF ROJO · first_building Barracks |
| 8:59 | fjk · first_building Dock |
| 9:27 | Exo · first_building Barracks |
| 9:52 | Balardroch · wall_segment Palisade Wall x8 |
| 10:35 | Good Knight · first_building Dock |
| 11:36 | dominikcore1 · first_building Barracks |
| 11:59 | Balardroch · wall_segment Palisade Wall x1 |
| 12:13 | fjk · age_up feudal |
| 12:56 | Heatace · age_up feudal |
| 13:08 | w4br9u364q6 · first_building Barracks |
| 13:15 | dominikcore1 · age_up feudal |
| 13:16 | TUNAK TUNAK OLAF ROJO · age_up feudal |
| 13:19 | dominikcore1 · first_building Stable |
| 13:28 | Exo · age_up feudal |
| 14:09 | Good Knight · age_up feudal |
| 14:25 | dominikcore1 · wall_segment Stone Wall x18 |
| 14:32 | Exo · first_building Stable |
| 14:49 | Balardroch · age_up feudal |
| 14:51 | Balardroch · wall_segment Palisade Wall x1 |
| 14:57 | w4br9u364q6 · wall_segment Palisade Wall x7 |
| 15:00 | w4br9u364q6 · wall_segment Palisade Wall x5 |
| 15:14 | TUNAK TUNAK OLAF ROJO · first_building Stable |
| 15:50 | w4br9u364q6 · age_up feudal |
| 16:02 | Balardroch · wall_segment Stone Wall x8 |
| 16:14 | w4br9u364q6 · first_building Archery Range |
| 16:30 | Balardroch · wall_segment Stone Wall x9 |
| 17:36 | Good Knight · first_building Barracks |
| 18:34 | fjk · wall_segment Stone Wall x5 |
| 19:00 | Exo · age_up castle |
| 19:04 | w4br9u364q6 · wall_segment Stone Wall x5 |
| 19:07 | w4br9u364q6 · wall_segment Stone Wall x14 |
| 19:16 | Balardroch · first_building Barracks |
| 19:27 | fjk · wall_segment Stone Wall x9 |
| 19:58 | Heatace · first_building Barracks |
| 20:11 | Heatace · age_up castle |
| 20:23 | fjk · wall_segment Stone Wall x9 |
| 20:23 | Good Knight · wall_segment Stone Wall x6 |
| 20:59 | fjk · age_up castle |
| 21:06 | w4br9u364q6 · first_building Dock |
| 21:47 | Heatace · first_building Castle |
| 23:22 | Good Knight · wall_segment Stone Wall x11 |
| 23:28 | Heatace · first_building Siege Workshop |
| 23:32 | w4br9u364q6 · age_up castle |
| 23:44 | TUNAK TUNAK OLAF ROJO · wall_segment Stone Wall x1 |
| 23:56 | Balardroch · first_market_buy 100 stone |
| 24:01 | w4br9u364q6 · first_building Monastery |
| 24:08 | fjk · first_building Monastery |
| 24:26 | Balardroch · age_up castle |
| 25:06 | Balardroch · first_building Monastery |
| 25:21 | TUNAK TUNAK OLAF ROJO · wall_segment Stone Wall x2 |
| 26:37 | dominikcore1 · wall_segment Palisade Wall x1 |
| 26:39 | dominikcore1 · wall_segment Palisade Wall x1 |
| 26:40 | TUNAK TUNAK OLAF ROJO · first_building Archery Range |
| 26:40 | dominikcore1 · wall_segment Palisade Wall x1 |
| 27:40 | dominikcore1 · age_up castle |
| 27:42 | Good Knight · wall_segment Stone Wall x8 |
| 27:53 | Good Knight · first_building Archery Range |
| 28:12 | TUNAK TUNAK OLAF ROJO · first_market_buy 100 food |
| 28:20 | dominikcore1 · first_building Siege Workshop |
| 28:59 | w4br9u364q6 · first_building Castle |
| 29:23 | dominikcore1 · first_building Castle |
| 30:34 | Exo · first_building Monastery |
| 31:03 | fjk · age_up imperial |
| 31:04 | fjk · first_building Castle |
| 31:08 | Good Knight · age_up castle |
| 31:14 | TUNAK TUNAK OLAF ROJO · wall_segment Stone Wall x7 |
| 31:32 | TUNAK TUNAK OLAF ROJO · age_up castle |
| 31:45 | Good Knight · first_building Castle |
| 31:50 | Balardroch · first_building Castle |
| 32:05 | fjk · first_building Barracks |
| 32:28 | Good Knight · first_market_buy 100 wood |
| 32:31 | w4br9u364q6 · wall_segment Stone Wall x2 |
| 32:34 | w4br9u364q6 · wall_segment Stone Wall x6 |
| 32:35 | w4br9u364q6 · wall_segment Stone Wall x2 |
| 33:08 | fjk · first_building Stable |
| 34:41 | dominikcore1 · age_up imperial |
| 35:01 | dominikcore1 · wall_segment Stone Wall x6 |
| 35:38 | w4br9u364q6 · wall_segment Stone Wall x2 |
| 36:00 | w4br9u364q6 · first_market_buy 100 food |
| 36:39 | w4br9u364q6 · first_building Siege Workshop |
| 36:49 | Good Knight · first_market_sell 100 food |
| 36:53 | fjk · first_building Archery Range |
| 37:25 | Balardroch · age_up imperial |
| 37:31 | Good Knight · wall_segment Stone Wall x16 |
| 37:58 | Balardroch · wall_segment Stone Wall x15 |
| 38:44 | Heatace · first_building Archery Range |
| 39:56 | TUNAK TUNAK OLAF ROJO · first_building Castle |
| 41:04 | Exo · wall_segment Stone Wall x1 |
| 41:15 | Good Knight · wall_segment Stone Wall x12 |
| 41:29 | Good Knight · wall_segment Stone Wall x11 |
| 41:49 | Heatace · age_up imperial |
| 42:10 | Good Knight · age_up imperial |
| 42:32 | TUNAK TUNAK OLAF ROJO · wall_segment Stone Wall x11 |
| 42:42 | w4br9u364q6 · age_up imperial |
| 44:38 | Exo · wall_segment Stone Wall x8 |
| 45:16 | w4br9u364q6 · first_market_sell 100 wood |
| 46:39 | TUNAK TUNAK OLAF ROJO · wall_segment Stone Wall x12 |
| 49:07 | Exo · tribute_sent a jugador 1 |
| 49:07 | Exo · tribute_sent a jugador 2 |
| 49:07 | Exo · tribute_sent a jugador 3 |
| 49:07 | Exo · tribute_sent a jugador 5 |
| 49:07 | Exo · tribute_sent a jugador 6 |
| 49:07 | Exo · tribute_sent a jugador 7 |
| 49:07 | Exo · tribute_sent a jugador 8 |
| 50:07 | Balardroch · resign |
[ ANÁLISIS IA · 1 CRÉDITO ]
¿Qué pasó realmente en esta partida?
Wolo.gg analiza cada decisión: build order, eco, micro, errores típicos por bracket. Análisis personalizado por WhatsApp o Discord en 30 segundos.
Guía civ
Hunos
Perfil
Jugador #11612935